 Dungeon Crawl Stone Soup version 0.29.1-13-g9f3cf754e1 (webtiles) character file.

Game seed: 2138959495667116885

24 hobsini the Grasshopper (level 3, -1/24 HPs)
             Began as an Octopode Warper on Feb 11, 2023.
             Killed from afar by Sigmund (9 damage)
             ... with a magic dart
             ... on level 2 of the Dungeon.
             The game lasted 00:06:30 (590 turns).

hobsini the Grasshopper (Octopode Warper)            Turns: 590, Time: 00:06:33

Health: -1/24      AC:  1    Str: 10    XL:     3   Next: 2%
Magic:  6/6        EV: 13    Int: 15    God:
Gold:   45         SH:  0    Dex: 13    Spells: 6/6 levels left

rFire   . . .      SeeInvis .   a - +0 falchion
rCold   . . .      Faith    .   (no shield)
rNeg    . . .      Spirit   .   (helmet restricted)
rPois   .          Reflect  .   (no amulet)
rElec   .          Harm     .   (no ring)
rCorr   .          Rampage  .   (no ring)
Will    .....                   (no ring)
Stlth   ++........              (no ring)
HPRegen 0.08/turn               (no ring)
MPRegen 0.10/turn               (no ring)
                                (no ring)
                                (no ring)

@: no status effects
A: almost no armour, amphibious, 8 rings, camouflage 1, gelatinous body 1,
(nimble swimmer 1), tentacles
a: no special abilities


You were on level 2 of the Dungeon.
You visited 1 branch of the dungeon, and saw 2 of its levels.

You collected 45 gold pieces.

Inventory:

Hand Weapons
 a - a +0 falchion (weapon)
 m - a +0 sling
Missiles
 c - 7 boomerangs of dispersal (quivered)
 f - 6 atropa-tipped darts
Armour
 e - a +0 leather armour
 g - a +0 robe
 h - a +0 ring mail
 k - a +0 pair of gloves
 p - a +0 robe
Magical Staves
 q - a staff of conjuration
Scrolls
 b - a scroll of blinking
 i - a scroll of vulnerability {unknown}
 l - 2 scrolls of immolation
 n - a scroll of teleportation {unknown}
 r - a scroll of summoning {unknown}
Potions
 d - a potion of curing {unknown}
 j - a potion of might {unknown}
 o - a potion of haste {unknown}


   Skills:
 + Level 2.1 Fighting
 + Level 2.2 Long Blades
 + Level 1.0 Throwing
 + Level 2.6 Dodging
 + Level 2.0 Spellcasting
 + Level 3.5 Translocations


You had 6 spell levels left.
You didn't know any spells.
Your spell library contained the following spells:

 Spells                   Type           Power      Damage    Failure   Level
 Blink                    Tloc           24%        N/A       8%          2
 Gell's Gravitas          Tloc           12%        N/A       16%         3
 Lesser Beckoning         Tloc           12%        N/A       16%         3
 Teleport Other           Tloc           12%        N/A       16%         3
 Manifold Assault         Tloc           12%        N/A       82%         5


Dungeon Overview and Level Annotations

Branches:
Dungeon (2/15)

Altars:

Annotations:
D:2 Sigmund


Innate Abilities, Weirdness & Mutations

You cannot wear most types of armour.
You are amphibious.
You can wear up to eight rings at the same time.
Your skin changes colour to match your surroundings (Stealth+).
Your rubbery body absorbs attacks. (AC +1, EV +1)
((You are camouflaged when in or above water. (Stealth+)))
You have tentacles for arms and can constrict up to eight enemies at once.


Message History

You kill the adder!
The ball python hisses angrily.
The ball python bites you. The ball python misses you.
You slash the ball python!
You kill the ball python!
You see here a ball python corpse.
You now have 45 gold pieces (gained 13).
A kobold comes into view. It is wielding a +0 whip.
The kobold shouts!
The kobold moves out of view.
There is an open door here.
You hit the kobold. You grab the kobold. You squeeze the kobold.
You kill the kobold!
You have reached level 3!
Your experience leads to an increase in your attributes!
Increase (S)trength, (I)ntelligence, or (D)exterity?
Uppercase letters only, please.
You feel agile. x2
Things that are here:
a +0 whip; a kobold corpse
Found a stone staircase leading down.
Sigmund the Dreaded comes into view.
He is wielding a +0 scythe and wearing a +2 robe of willpower.
Sigmund shouts!
Sigmund casts a spell at you. The puff of flame hits you! Sigmund misses you.
You hit Sigmund. You grab Sigmund. You squeeze Sigmund!
Sigmund is moderately wounded.
You constrict Sigmund. You hit Sigmund.
Sigmund is heavily wounded.
You constrict Sigmund, but do no damage.
Sigmund closely misses you.
You hit Sigmund.
Sigmund is heavily wounded.
You constrict Sigmund.
A bat comes into view.
Sigmund gestures at you while chanting. The magic dart hits you!
You die...

#############
###...........####
................>#
###'####.####....#
..)...##...####..#
......####.# #..#
......# #.# #..#
......# #.# #.@#
......# #.# #.@#
......# #.# #..#
......####.# #..#
###........# #..#
########## #..#
#b.# #..#


You could see Sigmund and a bat.

Vanquished Creatures
  An adder (D:2)
  3 ball pythons
  A bat (D:1)
  An endoplasm (D:1)
  A giant cockroach (D:1)
  A hobgoblin (D:1)
  2 kobolds
  2 frilled lizards (D:1)
  2 rats (D:1)
14 creatures vanquished.

Notes
Turn   | Place    | Note
-------+----------+-------------------------------------------
     0 | D:1      | hobsini the Octopode Warper began the quest for the Orb.
     0 | D:1      | Reached XP level 1. HP: 14/14 MP: 3/3
   224 | D:1      | Found a faded altar of an unknown god.
   238 | D:1      | Reached XP level 2. HP: 14/19 MP: 5/5
   549 | D:2      | Reached XP level 3. HP: 15/24 MP: 6/6
   581 | D:2      | Noticed Sigmund
   590 | D:2      | Killed from afar by Sigmund

Illustrated notes

Levels and vault maps discovered:
D:1:      amcnicky_arrival_feature_with_door, layout_rooms,
          hellmonk_ecumenical_altar_blasted
D:2:      layout_basic, uniq_sigmund, uniq_jessica

Action                   || total
-------------------------++-------
Melee: Falchion          ||    42
       Tentacles         ||     6
       Constrict         ||     6
Armor: Skin              ||     5
Dodge: Dodged            ||    28
